 Dungeon Crawl Stone Soup version 0.24-a0-639-gb70a11d811 (webtiles) character file.

Game seed: 8330594814547285823, levelgen mode: deterministic

1004 Argons the Covert (level 8, 39/39 HPs)
             Began as a Felid Warper on Sept 23, 2019.
             Was a Follower of Dithmenos.
             Quit the game on level 5 of the Dungeon.
             The game lasted 00:59:27 (11351 turns).

Argons the Covert (Felid Warper)                   Turns: 11351, Time: 00:59:28

Health: 39/39      AC:  2    Str:  7    XL:     8   Next: 0%
Magic:  12/12      EV: 21    Int: 14    God:    Dithmenos [*.....]
Gold:   306        SH:  0    Dex: 19    Spells: 9/11 levels left
                                        Lives:  1   Deaths: 1

rFire    . . .     SeeInvis +     - Unarmed
rCold    . . .     Gourm    .   (shield unavailable)
rNeg     . . .     Faith    .   (armour unavailable)
rPois    .         Spirit   .   (helmet unavailable)
rElec    .         Reflect  .   (cloak unavailable)
rCorr    .         Harm     .   (gloves unavailable)
MR       +....                  (boots unavailable)
Stlth    ++++++....             (no amulet)
HPRegen  0.13/turn              (no ring)
MPRegen  0.13/turn              (no ring)

@: wreathed by umbra, quick
A: very small, no armour, no weapons or thrown items, stealth, claws 1, fangs 3,
see invisible, carnivore, speed 1, shaggy fur 2, slow metabolism 1, sharp paws
a: Renounce Religion


You were on level 5 of the Dungeon.
You worshipped Dithmenos.
Dithmenos was aware of your devotion.
You were not hungry.

You visited 2 branches of the dungeon, and saw 7 of its levels.

You collected 306 gold pieces.

Inventory:

Jewellery
 a - an uncursed ring of magical power {unknown}
Wands
 d - a wand of polymorph (2)
Scrolls
 b - a scroll of blinking
 f - 3 scrolls of identify
 g - a scroll of magic mapping
 h - 6 scrolls of teleportation
Potions
 i - a potion of mutation
 j - a potion of curing
 k - a potion of ambrosia
Comestibles
 c - 6 rations


   Skills:
 + Level 6.5 Fighting
 - Level 5.0 Dodging
 + Level 9.8 Stealth
 + Level 6.6 Unarmed Combat
 - Level 2.0 Spellcasting
 - Level 4.4 Translocations


You had 9 spell levels left.
You knew the following spells:

 Your Spells              Type           Power        Failure   Level  Hunger
a - Shroud of Golubria    Chrm/Tloc      #.....       14%         2    ###....

Your spell library contained the following spells:

 Spells                   Type           Power        Failure   Level  Hunger
 Blink                    Tloc           N/A          6%          2    ###....
 Gell's Gravitas          Tloc           ##........   12%         3    ####...
 Lesser Beckoning         Tloc           ##........   12%         3    ####...
 Teleport Other           Tloc           ##......     12%         3    ####...
 Confusing Touch          Hex            #.....       24%         1    ##.....
 Passage of Golubria      Tloc           N/A          36%         4    #####..
 Confuse                  Hex            #.......     56%         3    ####...
 Petrify                  Tmut/Erth      #.......     93%         4    #####..
 Metabolic Englaciation   Hex/Ice        #.........   100%        5    ######.
 Yara's Violent Unravell  Hex/Tmut       #.........   100%        5    ######.


Dungeon Overview and Level Annotations

Branches:
Dungeon (6/15)             Temple (1/1) D:5

Altars:
Dithmenos
Fedhas
Gozag
Kikubaaqudgha
Makhleb
Nemelex Xobeh
Okawaru
Sif Muna
Trog
Wu Jian
Xom
Yredelemnul

Annotations:
D:3 2 runed translucent doors, 2 transporters, thefreepie's ghost, amateur CeHu
D:5 Prince Ribbit
D:6 Grinder


Innate Abilities, Weirdness & Mutations

You cannot wear armour.
You are incapable of wielding weapons or throwing items.
Your paws allow you to move quietly. (Stealth)
You have sharp claws.
You have razor-sharp teeth.
You have supernaturally acute eyesight. (SInv)
You are carnivorous and can eat meat at any time.
You cover ground quickly.
You are covered in thick fur. (AC +2)
You have a slow metabolism.
Your sharp claws are effective at attacking unaware monsters.


Message History

You scratch Prince Ribbit.
Prince Ribbit is moderately wounded.
Prince Ribbit misses you.
You completely miss Prince Ribbit.
Prince Ribbit is moderately wounded.
You scratch Prince Ribbit.
Prince Ribbit is heavily wounded.
Prince Ribbit completely misses you.
You barely miss Prince Ribbit.
You claw Prince Ribbit, but do no damage.
Prince Ribbit is heavily wounded.
Prince Ribbit bites you!
* * * LOW HITPOINT WARNING * * *
You closely miss Prince Ribbit.
Prince Ribbit is heavily wounded.
Prince Ribbit bites you!
You die...
You are now level 8!
You rejoin the land of the living...
Are you sure you want to abandon this character and quit the game? (Confirm with "yes".)

#.# #.#############.... #.#
#................[.
###.###################.#..
#..........# #..........#..
#.#.######.# #>##########..
#.#...# #.# #.[..# #.. #.###.#
#.# #.##.# #.. #######.....#
#.######.# #.#
.F....Y#########@#......# #.#
.......##......#.#.############.#
.......##......#.#.##...........#
...>.<.##......#.#.###.##########
..)....##......#.#^###.#........#
.......##......#.#.....#.######.#
......F##......#.#######.# #<#
...............#.#.....#.# #.#
#####......#####.#.###.#.# #.#


There were no monsters in sight!

Vanquished Creatures
  2 yaks (D:5)
  A sky beast (D:5)
  An ice beast (D:5)
  A necrophage (D:5)
  2 phantoms (D:4)
  3 centaurs
  An ogre (D:5)
  3 bullfrogs (D:5)
  2 scorpions
  2 crimson imps
  A jelly (D:5)
  A bullfrog zombie (D:5)
  3 hounds
  An orc priest (D:4)
  A centaur skeleton (D:4)
  An iguana (D:4)
  An orc wizard (D:4)
  2 worker ants (D:5)
  A hound zombie (D:5)
  7 adders
  4 gnolls
  A shadow imp (D:5)
  An adder zombie (D:5)
  2 adder skeletons
  A worm (D:2)
  7 leopard geckos
  15 orcs
  A ball python (D:4)
  3 giant cockroaches
  8 goblins
  10 hobgoblins
  14 jackals
  8 bats
  4 frilled lizards
  11 kobolds
  A leopard gecko skeleton (D:4)
  5 rats
133 creatures vanquished.

Notes
Turn   | Place    | Note
-------+----------+-------------------------------------------
     0 | D:1      | Argons the Felid Warper began the quest for the Orb.
     0 | D:1      | Reached XP level 1. HP: 9/9 MP: 4/4
   248 | D:1      | Reached skill level 1 in Stealth
   338 | D:1      | Reached XP level 2. HP: 10/13 MP: 6/6
   394 | D:1      | Learned a level 2 spell: Shroud of Golubria
  1130 | D:1      | Reached skill level 2 in Stealth
  1336 | D:2      | Reached XP level 3. HP: 15/16 MP: 7/7
  1598 | D:2      | Found a burning altar of Makhleb.
  1671 | D:2      | Found an ancient bone altar of Kikubaaqudgha.
  1672 | D:2      | Found a blossoming altar of Fedhas.
  2357 | D:3      | Found a large runed translucent door.
  2357 | D:3      | Found a large runed translucent door.
  2358 | D:3      | Noticed thefreepie's ghost (amateur CeHu)
  2401 | D:3      | Found a shimmering altar of Xom.
  2564 | D:2      | Reached skill level 3 in Stealth
  2564 | D:2      | Reached XP level 4. HP: 8/21 MP: 5/8
  3265 | D:3      | Found a transporter.
  3457 | D:3      | Reached XP level 5. HP: 24/24 MP: 6/9
  3713 | D:3      | Reached skill level 4 in Stealth
  3719 | D:3      | Found a bloodstained altar of Trog.
  3815 | D:3      | Found a transporter.
  4086 | D:4      | Noticed a phantom
  5103 | D:5      | Entered Level 5 of the Dungeon
  5292 | D:5      | Found a large runed translucent door.
  5293 | D:5      | Found a large runed translucent door.
  5293 | D:5      | Found a large runed translucent door.
  5294 | D:5      | Found a large runed translucent door.
  5298 | D:5      | Noticed a yak
  5355 | D:5      | Found a staircase to the Ecumenical Temple.
  5376 | Temple   | Entered the Ecumenical Temple
  5383 | Temple   | Became a worshipper of Dithmenos the Shadowed
  5433 | D:5      | Gained mutation: You are covered in thick fur. (AC +2)
                  | [Felid growth]
  5433 | D:5      | Reached XP level 6. HP: 28/28 MP: 10/10
  5672 | D:5      | Found an ornate altar of the Wu Jian Council.
  5969 | D:4      | Reached skill level 5 in Stealth
  6226 | D:5      | Found an iron altar of Okawaru.
  6258 | D:5      | Found an opulent altar of Gozag.
  6516 | D:6      | Noticed Grinder
  6803 | D:5      | Reached XP level 7. HP: 33/33 MP: 11/11
  6806 | D:5      | Reached skill level 6 in Stealth
  6885 | D:5      | Reached skill level 5 in Fighting
  6885 | D:5      | Reached skill level 5 in Unarmed Combat
  7055 | D:4      | Reached skill level 7 in Stealth
  7440 | D:4      | Reached * piety under Dithmenos
  7663 | D:4      | Reached skill level 5 in Dodging
  7790 | D:4      | Reached skill level 8 in Stealth
  7790 | D:4      | Reached XP level 8. HP: 37/37 MP: 9/12
  8779 | D:6      | Noticed Prince Ribbit
  8850 | D:5      | Reached skill level 9 in Stealth
 10729 | D:5      | Reached XP level 9. HP: 30/42 MP: 13/13
 11329 | D:5      | Noticed Prince Ribbit
 11329 | D:5      | Prince Ribbit changed into Prince Ribbit the warg
 11350 | D:5      | Mangled by Prince Ribbit the warg
 11351 | D:5      | Reached XP level 8. HP: -7/39 MP: 12/12
 11351 | D:5      | Quit the game

Levels and vault maps discovered:
D:1:      zelgadis_glass_arrival_small, layout_loops_ring
D:2:      layout_loops_ring, grunt_temple_overflow_growth_and_decay,
          makhleb_blood_cavern_becter
D:3:      gammafunk_steamed_eel, layout_loops_cross, overflow_temple_1_default,
          overflow_temple_1_default, ebering_ghost_disaster_area,
          chequers_decorated_corner
D:4:      layout_loops_ring
D:5:      layout_basic, kennysheep_mini_moat,
          nicolae_gozag_cash_rules_everything_around_me, okawaru_trees_2,
          minmay_temple_entry_glass, first_ration, minmay_hollow_rounded_squares
D:6:      layout_cave_pools, uniq_prince_ribbit1, uniq_grinder
Temple:   compressed_dpeg_triangle_lava_temple

Skill      XL: |  1  2  3  4  5  6  7  8 |
---------------+-------------------------+-----
Stealth        | 1 2 3 4 5 8 9 |  9.8
Fighting       | 3 4 5 6 |  6.5
Unarmed Combat | 3 4 5 6 |  6.6
Dodging        | 5 |  5.0
Spellcasting   | |  2.0
Translocations | |  4.4

Action                   |  1- 3 |  4- 6 |  7- 9 || total
-------------------------+-------+-------+-------++-------
Melee: Unarmed           |   170 |   183 |   241 ||   594
       Bite              |    11 |    14 |    26 ||    51
       Punch             |       |     1 |     8 ||     9
 Cast: Shroud of Golubri |     9 |    14 |    18 ||    41
Evoke: Wand              |       |       |     3 ||     3
  Use: Scroll            |     7 |     4 |     3 ||    14
       Potion            |     1 |       |     2 ||     3
 Stab: Sleeping          |     8 |    17 |     7 ||    32
       Distracted        |       |       |     1 ||     1
  Eat: Chunk             |    11 |     9 |    10 ||    30
Armor: Skin              |     4 |     9 |     6 ||    19
Dodge: Dodged            |   106 |   106 |   185 ||   397

Table legend:
 A = Non-vault XP
 B = Vault XP
 C = Vault XP percentage of total XP
 D = Non-vault monster count
 E = Vault monster count
 F = Vault count percentage of total count
                 A         B        C        D         E       F
            +---------+---------+-------+---------+---------+-------
      Total |    2194 |     623 |  22.1 |     123 |      10 |   7.5
            +---------+---------+-------+---------+---------+-------
        D:1 |      54 |       0 |   0.0 |      24 |       0 |   0.0
        D:2 |      39 |      45 |  53.6 |      21 |       1 |   4.5
        D:3 |     109 |       0 |   0.0 |      29 |       0 |   0.0
        D:4 |     609 |       0 |   0.0 |      20 |       0 |   0.0
        D:5 |    1147 |     578 |  33.5 |      23 |       9 |  28.1
        D:6 |     236 |       0 |   0.0 |       6 |       0 |   0.0
            +---------+---------+-------+---------+---------+-------
